 Dungeon Crawl Stone Soup version 0.25.0-3-gd7cc5688da (webtiles) character file.

Game seed: 2698058322171639390

6297 Buyout the Agent of Entropy (level 10, -11/82 HPs)
             Began as a Demonspawn Abyssal Knight on June 15, 2020.
             Was a Priest of Lugonu.
             Killed by divine providence
             ... invoked by an orc priest
              (14 damage)
             ... on level 2 of the Orcish Mines.
             The game lasted 01:08:30 (13045 turns).

Buyout the Agent of Entropy (DsAK)                 Turns: 13045, Time: 01:08:30

Health: -11/82     AC: 14    Str: 16    XL:     10   Next: 63%
Magic:  7/16       EV: 12    Int: 18    God:    Lugonu [***...]
Gold:   912        SH:  0    Dex: 18    Spells: 8/9 levels left

rFire    + + +     SeeInvis +   B - +6 whip "Taererch" {vorpal, Int+4 SInv Stlth+}
rCold    + . .     Gourm    .   (no shield)
rNeg     . . .     Faith    .   I - +1 ring mail of the Constellations {rPois}
rPois    +         Spirit   .   (no helmet)
rElec    +         Reflect  .   z - scarf {rC+ rF+}
rCorr    .         Harm     .   D - +0 pair of gloves
MR       .....                  K - +0 pair of boots
Stlth    ++........             (no amulet)
HPRegen  0.23/turn              f - +6 ring of dexterity
MPRegen  0.15/turn              H - ring of protection from fire

@: sanguine armour, berserk cooldown, hasted and slowed
A: hooves 1, demonic guardian 2, fire resistance 2, low mp 1, electricity
resistance, evolution 1, sanguine armour 1
a: Depart the Abyss, Bend Space, Banish, Renounce Religion


You were on level 2 of the Orcish Mines.
You worshipped Lugonu.
Lugonu was most pleased with you.
You were very hungry.

You visited 2 branches of the dungeon, and saw 12 of its levels.
You visited the Abyss 1 time.

You collected 912 gold pieces.

Inventory:

Hand Weapons
 l - a +3 scimitar of flaming
 r - a +1 whip of freezing
 u - a +3 falchion
 B - the +6 whip "Taererch" (weapon) {vorpal, Int+4 SInv Stlth+}
   (You found it on level 4 of the Dungeon)

   It inflicts extra damage upon your enemies.
   It affects your intelligence (+4).
   It lets you see invisible.
   It makes you more stealthy.
 C - the +4 hunting sling of Midwinter {speed, MR+}
   (You found it on level 5 of the Dungeon)

   Attacks with this weapon are significantly faster.
   It affects your resistance to hostile enchantments.
Missiles
 j - 183 arrows
 k - 291 stones (quivered)
 m - 124 bolts
 n - a throwing net
 x - 3 poisoned darts
Armour
 z - a scarf of resistance (worn)
 D - a +0 pair of gloves (worn)
 I - the +1 ring mail of the Constellations (worn) {rPois}
   (You found it on level 8 of the Dungeon)

   It protects you from poison.
 K - a +0 pair of boots (worn)
 L - a cursed +0 robe
 T - a +1 leather armour of fire resistance
Magical Staves
 O - an uncursed staff of summoning
 S - an uncursed staff of conjuration
Jewellery
 f - a +6 ring of dexterity (left hand)
 o - an uncursed ring of magical power
 p - a -4 ring of slaying
 H - a ring of protection from fire (right hand)
Wands
 b - a wand of random effects (56)
 P - a wand of paralysis (6)
 Q - a wand of iceblast (4)
 U - a wand of disintegration (16)
Scrolls
 s - 5 scrolls of remove curse
 t - a scroll of identify
 w - 3 scrolls of enchant armour
 y - a scroll of fear
 R - a scroll of random uselessness
 V - 2 scrolls of blinking
 Y - a scroll of magic mapping {unknown}
Potions
 d - 2 potions of lignification
 g - a potion of brilliance
 i - a potion of flight {unknown}
 F - 2 potions of degeneration
 M - a potion of stabbing
 N - 2 potions of haste
 Z - a potion of resistance {unknown}
Miscellaneous
 a - a lightning rod (2/4)
Comestibles
 c - 9 rations
 h - 6 chunks of flesh


   Skills:
 + Level 8.5 Fighting
 * Level 10.3 Maces & Flails
 + Level 3.1 Armour
 + Level 2.3 Dodging
 + Level 10.4 Invocations


You had 8 spell levels left.
You knew the following spells:

 Your Spells              Type           Power        Failure   Level  Hunger
a - Freeze                Ice            #...         38%         1    ##.....

Your spell library contained the following spells:

 Spells                   Type           Power        Failure   Level  Hunger
 Frozen Ramparts          Ice            #.....       77%         3    ####...
 Ozocubu's Armour         Chrm/Ice       #.......     77%         3    ####...
 Hailstorm                Conj/Ice       #.......     99%         4    #####..
 Summon Ice Beast         Ice/Summ       #.......     99%         4    #####..


Dungeon Overview and Level Annotations

Branches:
Dungeon (10/15)            Temple (0/1) D:7             Orc (2/2) D:9
    Elf (0/3) Orc:2
   Lair: D:8-11

Altars:
Ashenzari
Cheibriados
Elyvilon
Makhleb
Okawaru
Qazlal
Ru
Sif Muna
Vehumet
Yredelemnul
Zin
The Shining One

Annotations:
Orc:1 corrupted
Orc:2 corrupted


Innate Abilities, Weirdness & Mutations

A demonic guardian rushes to your aid.
Your flesh is very heat resistant. (rF++)
When seriously injured, your bleeding wounds create armour. (AC +6)
You have large cloven feet.
Your magical capacity is low. (-10% MP)
You are resistant to electric shocks. (rElec)
You evolve.


Message History

The apocalypse crab claws your orange demon!
The apocalypse crab freezes your orange demon!!
Something hits your orange demon but does no damage.
Something hits your orange demon. x2
Your orc warrior hits the large abomination with a +0 trident!
An orc high priest comes into view. It is wielding a -1 halberd.
The orc sorcerer gestures wildly while chanting.
An orc wizard comes into view. It is wielding a +0 dagger.
Your orange demon stings the apocalypse crab but does no damage.
Your orange demon hits the apocalypse crab but does no damage.
The orc sorcerer moves out of view.
The orc priest shouts!
The orc wizard shouts!
Found five rat skeletons and two yak skeletons.
An orc comes into view.
It is wielding a -1 short sword and wearing a +0 leather armour of fire resistance.
It was a potion of haste.
You feel yourself speed up.
The orc knight shouts!
You hear a shout!
An orc warrior comes into view. It is wielding a +0 short sword.
The orc priest calls down the wrath of Beogh upon you.
Beogh smites you!
You die...

...........#X#L..(.....$...
...........#)†##ox(........
......#.#.#e..#Xo#.........
....# #.X..o§$o#...........
... ...x..X#).o.#....#..##
o .o....X##4..))..#...#
..###..Rt3xX.........
o..#.###h#W4.......#..#
.÷...o.@....W.3..... ..
ooo÷÷.##..#..[..#.... .....
#.x.# .#.. .☼o3 .o..#


oo÷ ...... oo .....#. o ....... ..#.... You could see an orc knight, 2 orc high
priests, a sun demon (summoned), an orc sorcerer, 5 orc warriors, 2 orc priests,
an orc wizard, an orc, a neutral tentacled starspawn (summoned), a neutral deep
elf sorcerer (summoned), a neutral orange demon (summoned), a neutral apocalypse
crab (summoned), a neutral thrashing horror (summoned), a neutral large
abomination (summoned, wandering), a neutral efreet (summoned), a neutral hungry
ghost (summoned), a neutral raiju (summoned), a neutral ynoxinul (summoned), 2
neutral small abominations, a neutral shadow (summoned), a friendly orange demon
(summoned) and a friendly orc warrior (summoned).

Vanquished Creatures
  The ghost of farkougg the Cleaver, a novice MiBe of Trog (D:9)
  A cyclops (Orc:2)
  Prince Ribbit (D:7)
  2 spriggans
  Sigmund (D:4)
  A hungry ghost (D:8)
  A warg (Orc:2)
  2 ice beasts
  A phantom (D:8)
  2 orc warriors (Orc:1)
  An ogre (D:7)
  A wolf (D:9)
  3 centaurs (D:6)
  4 bullfrogs
  2 scorpions
  3 killer bees (D:8)
  A crimson imp (D:7)
  A quasit (D:7)
  3 hounds
  4 orc priests
  9 orc wizards
  A centaur skeleton (D:8)
  7 worker ants
  An iguana (D:6)
  A hound skeleton (D:6)
  A howler monkey skeleton (D:4)
  A gnoll (D:1)
  9 adders
  A shadow imp (D:9)
  2 oozes
  2 adder skeletons
  3 worms
  3 dart slugs
  6 leopard geckos
  32 orcs
  5 giant cockroaches
  6 goblins
  6 hobgoblins
  4 jackals
  8 kobolds
  6 quokkas
  2 ball pythons
  4 bats
  3 frilled lizards
  A quokka skeleton (D:6)
  A quokka zombie (D:6)
  8 rats
  A spectral orc (D:5)
  A fungus (D:9)
  A plant (D:5)
172 creatures vanquished.

Vanquished Creatures (collateral kills)
  Erica (Orc:1)
  A two-headed ogre (D:9)
  An orc knight (Orc:2)
  A hippogriff (D:9)
  4 yaks (D:9)
  A spriggan (D:9)
  Eustachio (D:4)
  A warg (Orc:2)
  6 orc warriors
  2 ogres
  2 centaurs
  A scorpion (D:5)
  A bullfrog zombie (D:5)
  2 orc priests
  5 orc wizards
  A hound zombie (D:7)
  An adder (D:5)
  An adder skeleton (D:4)
  A leopard gecko (D:9)
  10 orcs
  A jackal (D:4)
45 creatures vanquished.

Vanquished Creatures (others)
  A stone giant (Orc:1)
  An orc knight (Orc:1)
  4 orc warriors (Orc:1)
  4 orc priests (Orc:1)
  4 orc wizards
  11 orcs
  A quokka (D:4)
  A plant (D:9)
  2 starspawn tentacles (Orc:1)
29 creatures vanquished.

Grand Total: 246 creatures vanquished

Notes
Turn   | Place    | Note
-------+----------+-------------------------------------------
     0 | Abyss:1  | Buyout the Demonspawn Abyssal Knight began the quest for
                  | the Orb.
     0 | Abyss:1  | Reached XP level 1. HP: 18/18 MP: 2/2
     1 | Abyss:1  | Found a corrupted altar of Lugonu.
    51 | Abyss:2  | Noticed a smoke demon
    51 | D:1      | Escaped the Abyss
   365 | D:1      | Gained mutation: A weak demonic guardian rushes to your
                  | aid. [demonic ancestry]
   365 | D:1      | Reached XP level 2. HP: 24/24 MP: 3/3
   491 | D:1      | Reached * piety under Lugonu
  1154 | D:1      | Gained mutation: Your flesh is heat resistant. (rF+)
                  | [demonic ancestry]
  1154 | D:1      | Reached XP level 3. HP: 16/29 MP: 5/5
  1856 | D:2      | Found a shimmering blue altar of Sif Muna.
  1947 | D:2      | Found a stormy altar of Qazlal.
  2103 | D:2      | Found a radiant altar of Vehumet.
  2740 | D:3      | Reached XP level 4. HP: 34/37 MP: 6/6
  2951 | D:3      | Found a glowing golden altar of the Shining One.
  2996 | D:3      | Reached ** piety under Lugonu
  3010 | D:3      | Found a sacrificial altar of Ru.
  3222 | D:3      | Found a shattered altar of Ashenzari.
  3624 | D:3      | Found a burning altar of Makhleb.
  4049 | D:4      | Reached XP level 5. HP: 27/42 MP: 7/7
  4192 | D:4      | Noticed Sigmund
  4209 | D:4      | Killed Sigmund
  4467 | D:4      | Gained mutation: A demonic guardian rushes to your aid.
                  | [demonic ancestry]
  4467 | D:4      | Reached XP level 6. HP: 48/48 MP: 9/9
  4496 | D:4      | Noticed Eustachio
  4521 | D:4      | Killed Eustachio
  4751 | D:4      | Found a white marble altar of Elyvilon.
  4820 | D:4      | Got a pitted whip
  4822 | D:4      | Identified the +6 whip "Taererch" {vorpal, Int+4 SInv
                  | Stlth+} (You found it on level 4 of the Dungeon)
  4847 | D:5      | Entered Level 5 of the Dungeon
  4847 | D:5      | Found a basalt altar of Yredelemnul.
  5077 | D:5      | Reached skill level 5 in Invocations
  5098 | D:5      | Reached skill level 5 in Maces & Flails
  5098 | D:5      | Reached XP level 7. HP: 37/55 MP: 10/10
  5144 | D:5      | Got a steaming hunting sling
  5152 | D:4      | Identified the +4 hunting sling of Midwinter {speed, MR+}
                  | (You found it on level 5 of the Dungeon)
  5465 | D:4      | Reached skill level 5 in Fighting
  6225 | D:5      | Found a glowing silver altar of Zin.
  6382 | D:5      | Found a basalt altar of Yredelemnul.
  6945 | D:6      | Reached *** piety under Lugonu
  6994 | D:7      | Found a staircase to the Ecumenical Temple.
  7062 | D:6      | Gained mutation: When seriously injured, your bleeding
                  | wounds create armour. (AC +6) [demonic ancestry]
  7062 | D:6      | Reached XP level 8. HP: 52/63 MP: 12/12
  7072 | D:6      | Found an iron altar of Okawaru.
  7929 | D:7      | Noticed Prince Ribbit
  7937 | D:7      | Gained mutation: You evolve. [potion of mutation]
  7937 | D:7      | Gained mutation: Your flesh is very heat resistant. (rF++)
                  | [potion of mutation]
  7937 | D:7      | Gained mutation: You have large cloven feet. [potion of
                  | mutation]
  8059 | D:7      | Killed Prince Ribbit
  8130 | D:8      | Got a bronze ring mail
  8164 | D:7      | Identified the +1 ring mail of the Constellations {rPois}
                  | (You found it on level 8 of the Dungeon)
  8837 | D:7      | Reached XP level 9. HP: 50/71 MP: 14/14
  9564 | D:8      | Found a snail-covered altar of Cheibriados.
  9612 | D:8      | Learned a level 1 spell: Freeze
 10054 | D:9      | Noticed a two-headed ogre
 10644 | D:9      | Killed a two-headed ogre
 10745 | D:10     | Entered Level 10 of the Dungeon
 10980 | D:9      | Gained mutation: Your magical capacity is low. (-10% MP)
                  | [evolution]
 11254 | D:9      | Found a staircase to the Orcish Mines.
 11381 | D:9      | Found a runed translucent door.
 11387 | D:9      | Noticed farkougg's ghost (novice MiBe)
 11387 | D:9      | Identified the +2 trident "Foevez" {holy, *Corrode Int+5}
 11388 | D:9      | Reached **** piety under Lugonu
 11414 | D:9      | Reached XP level 10. HP: 65/80 MP: 15/15
 11750 | D:9      | Killed farkougg's ghost
 12088 | Orc:1    | Entered Level 1 of the Orcish Mines
 12098 | Orc:1    | Noticed Erica
 12106 | Orc:1    | Reached skill level 1 in Dodging
 12122 | Orc:1    | Killed Erica
 12122 | Orc:1    | Reached skill level 10 in Maces & Flails
 12122 | Orc:1    | Reached skill level 10 in Invocations
 12468 | Orc:1    | Gained mutation: You are resistant to electric shocks.
                  | (rElec) [evolution]
 12495 | Orc:1    | Corrupted Orc:1
 12495 | Orc:1    | Noticed a spatial maelstrom
 12495 | Orc:1    | Noticed a tentacled starspawn
 12495 | Orc:1    | Noticed an unseen horror
 12495 | Orc:1    | Noticed a large abomination
 12496 | Orc:1    | Noticed a large abomination
 12496 | Orc:1    | Noticed a large abomination
 12502 | Orc:1    | Noticed a starcursed mass
 12503 | Orc:1    | Noticed a deep elf mage
 12506 | Orc:1    | Noticed a smoke demon
 12509 | Orc:1    | Noticed an apocalypse crab
 12522 | Orc:1    | Killed a stone giant
 12549 | Orc:1    | Killed an orc knight
 12859 | Orc:2    | Entered Level 2 of the Orcish Mines
 12869 | Orc:2    | Found a staircase to the Elven Halls.
 12989 | Orc:2    | Noticed a cyclops
 13002 | Orc:2    | Killed a cyclops
 13005 | Orc:2    | Noticed an orc knight
 13017 | Orc:2    | Killed an orc knight
 13043 | Orc:2    | Corrupted Orc:2
 13043 | Orc:2    | Noticed a deep elf sorcerer
 13043 | Orc:2    | Noticed a rakshasa
 13043 | Orc:2    | Noticed a starcursed mass
 13043 | Orc:2    | Noticed a tentacled starspawn
 13043 | Orc:2    | Noticed an ancient lich
 13043 | Orc:2    | Noticed a tentacled starspawn
 13043 | Orc:2    | Noticed a smoke demon
 13043 | Orc:2    | Noticed a large abomination
 13044 | Orc:2    | Noticed an orc sorcerer
 13044 | Orc:2    | Noticed an orc high priest
 13044 | Orc:2    | Noticed an orc knight
 13044 | Orc:2    | Noticed an orc sorcerer
 13044 | Orc:2    | Noticed a thrashing horror
 13044 | Orc:2    | Noticed an apocalypse crab
 13044 | Orc:2    | Noticed an orange demon
 13044 | Orc:2    | Noticed an orc high priest
 13045 | Orc:2    | Noticed a sun demon
 13045 | Orc:2    | Killed from afar by an orc priest

Illustrated notes

Levels and vault maps discovered:
D:1:      elethiomel_arrival_maze, layout_loops_corners
D:2:      layout_rooms, nicolae_overflow_hidden_temple, lemuel_crystal_altar,
          lemuel_crystal_altar
D:3:      layout_loops_corners, marbit_many_paths, old_standard_altar,
          lemuel_round_altar, nicolae_ru_path_of_blood, first_ration
D:4:      layout_loops_ring, minivault_27, elyvilon_altar_4, uniq_eustachio,
          uniq_sigmund
D:5:      layout_cave_pools, zin_statuary, yredelemnul_forgotten_temple_becter,
          basic_altar, serial_bayou_pond_d
D:6:      layout_loops_corners, okawaru_trees_2, corexii_hall_statues_t
D:7:      layout_loops_ring, minmay_temple_entry_stoned_glass, the_bakery,
          uniq_prince_ribbit1
D:8:      layout_basic, cheibriados_altar_1
D:9:      layout_gridville, orc_0_dummy, ebering_ghost_funeral_grove
D:10:     layout_basic, dpeg_oklobed_lair
Orc:1:    layout_caves, uniq_erica
Orc:2:    grunt_orc_tribal_feast, layout_caves, serial_shops,
          nicolae_shop_overgrown_old_shop

Skill      XL: |  1  2  3  4  5  6  7  8  9 10 |
---------------+-------------------------------+-----
Armour         | 2 3 |  3.1
Maces & Flails | 2 3 4 5 6 7 9 10 | 10.3
Invocations    | 3 4 5 6 7 9 10 | 10.4
Fighting       | 4 5 6 7 8 |  8.5
Dodging        | 2 |  2.3

Action                   |  1- 3 |  4- 6 |  7- 9 | 10-12 || total
-------------------------+-------+-------+-------+-------++-------
Melee: Mace              |   106 |     9 |       |       ||   115
       Whip              |       |   155 |   336 |    71 ||   562
       Kick              |       |       |     4 |       ||     4
 Fire: Hunting sling     |       |       |     8 |       ||     8
Throw: Stone             |     6 |     3 |     1 |     2 ||    12
Invok: Depart the Abyss  |     1 |       |       |       ||     1
       Bend Space        |       |     3 |     1 |     3 ||     7
       Banish            |       |       |     1 |       ||     1
       Corrupt           |       |       |       |     2 ||     2
Evoke: Wand              |       |       |     1 |    12 ||    13
       Lightning rod     |       |       |       |     3 ||     3
  Use: Scroll            |       |     1 |    15 |     5 ||    21
       Potion            |       |     3 |     2 |     4 ||     9
 Stab: Distracted        |       |     1 |     2 |     1 ||     4
       Sleeping          |       |       |     2 |       ||     2
  Eat: Ration            |     2 |     1 |     6 |     1 ||    10
       Chunk             |       |     4 |     3 |     1 ||     8
Armor: Leather armour    |     4 |       |       |       ||     4
       Ring mail         |    20 |    36 |    60 |    15 ||   131
       Scale mail        |       |    32 |    65 |       ||    97
Dodge: Dodged            |    59 |    67 |   145 |    29 ||   300
